 Dungeon Crawl Stone Soup version 0.29.0-4-gdea44cf6ec (webtiles) character file.

Game seed: 13983021995486352338

7 qw the Chopper (level 2, -1/24 HPs)
             Began as a Barachi Chaos Knight on Sept 6, 2022.
             Slain by a salamander (shapeshifter) (6 damage)
             ... summoned by Xom
             ... on level 1 of the Dungeon.
             The game lasted 00:00:06 (124 turns).

qw the Chopper (Barachi Chaos Knight)                Turns: 124, Time: 00:00:07

Health: -1/24      AC:  5    Str: 13    XL:     2   Next: 0%
Magic:  2/2        EV: 11    Int: 12    God:
Gold:   11         SH:  0    Dex: 11    Spells: 1/1 levels left

rFire   . . .      SeeInvis .   a - +0 hand axe (chaos)
rCold   . . .      Faith    .   (no shield)
rNeg    . . .      Spirit   .   b - +2 leather armour
rPois   .          Reflect  .   (no helmet)
rElec   .          Harm     .   (no cloak)
rCorr   .          Rampage  .   (no gloves)
Will    .....                   (no boots)
Stlth   +.........              (no amulet)
HPRegen 0.08/turn               (no ring)
MPRegen 0.08/turn               (no ring)

@: slow
A: amphibious, slowness 1, strong legs 1, +LOS
a: Hop


You were on level 1 of the Dungeon.
You visited 1 branch of the dungeon, and saw 1 of its levels.

You collected 11 gold pieces.


Innate Abilities, Weirdness & Mutations

You are amphibious.
You cover ground slowly.
You can hop short distances.
You have an extended range of vision and can be seen from far away.


   Skills:
 - Level 3.6 Fighting
 + Level 3.8 Axes
 - Level 2.4 Armour
 - Level 1.1 Dodging


You had one spell level left.
You didn't know any spells.
Your spell library was empty.

Inventory:

Hand Weapons
 a - a +0 hand axe of chaos (weapon)
Armour
 b - a +2 leather armour (worn)
Jewellery
 d - a ring of willpower
Scrolls
 e - a scroll of identify {unknown}
Miscellaneous
 c - a piece from Xom's chessboard (15/15)

Dungeon Overview and Level Annotations

Branches:
Dungeon (1/15)

Altars:


Message History

You have reached level 2!
You start resting. "Let's see if it's strong enough to survive yet."
A ball python comes into view.
You closely miss the ball python. You closely miss the goblin.
You slash the ball python!
You kill the ball python!
The ball python's corpse disappears in a puff of smoke!
You hit the goblin.
You kill the goblin!
The goblin's corpse degenerates into a cloud of primal chaos!
You hit the goblin. You burn the goblin.
You kill the goblin!
The goblin's corpse disappears in a puff of smoke!
You hit the goblin.
The goblin is moving more slowly.
The goblin is engulfed in seething chaos.
The goblin changes into a shapeshifter!
The shapeshifter hits you.
You hit the shapeshifter. You burn the shapeshifter.
The shapeshifter is almost dead.
The shapeshifter changes into a raiju!
You hit the raiju.
The raiju flickers and vanishes!
Deactivating autopickup; reactivate with Ctrl-A.
Something bites you but does no damage.
You miss something. Something bites you. Something shocks you!
You hit something.
Nothing appears to happen.
Something bites you but does no damage.
You hit something.
A salamander appears out of thin air!
Reactivating autopickup.
You barely miss the salamander.
The salamander hits you but does no damage.
You hit the salamander but do no damage.
The salamander is poisoned.
The salamander barely misses you.
You hit the salamander. You freeze the salamander.
The salamander is lightly wounded.
The salamander hits you.
You die... "Huh?
Did I miss anything?"

...# #.# .. ####
#.# .. #.# .# #.#
.# #.# .# # #.# .#
.#
#.#########.##.)#
#%%............###.
#.........@N.......
##.#######.##..####
#.# #.# # ### #.#
#.#
.....###.#######.#
##..........##.#
............%....#
########.####.#..#
#.# #....##


You could see a salamander (summoned, very poisoned).

Vanquished Creatures
  An endoplasm (D:1)
  A jackal (D:1)
  2 quokkas (D:1)
  A ball python (D:1)
  A bat (D:1)
6 creatures vanquished.

Notes
Turn   | Place    | Note
-------+----------+-------------------------------------------
     0 | D:1      | qw the Barachi Chaos Knight began the quest for the Orb.
     0 | D:1      | Reached XP level 1. HP: 18/18 MP: 1/1
     0 | D:1      | 0 ||| qw: Version: 0.1-a-107-g9ff403c
     0 | D:1      | 0 ||| qw: Game counter: 6062
     0 | D:1      | 0 ||| qw: Always use a shield: true
     0 | D:1      | 0 ||| qw: God list: Okawaru
     0 | D:1      | 0 ||| qw: Allow faded altars: false
     0 | D:1      | 0 ||| qw: Do Orc after D:15 true
     0 | D:1      | 0 ||| qw: Do second Lair branch before Depths: true
     0 | D:1      | 0 ||| qw: Lair rune preference: random
     0 | D:1      | 0 ||| qw: Plans: Normal
     0 | D:1      | 0 ||| PLANNING D:1-11
     0 | D:1      | Fell from the grace of Xom
    52 | D:1      | 52 ||| Stepping ~*~*~tactically~*~*~ (stealth).
   111 | D:1      | Reached XP level 2. HP: 19/24 MP: 2/2
   113 | D:1      | XOM: summons 4 hostile shadow creatures
   116 | D:1      | Noticed a shapeshifter
   116 | D:1      | a goblin changed into a shapeshifter
   117 | D:1      | Noticed a raiju
   117 | D:1      | a shapeshifter changed into a raiju
   119 | D:1      | HP: 5/24 [something (8)]
   121 | D:1      | Noticed a salamander
   124 | D:1      | Slain by a salamander (shapeshifter)

Levels and vault maps discovered:
D:1:      dpeg_arrival_short_road, layout_loops_ring, st_stairs_8

Action                   || total
-------------------------++-------
Melee: Hand axe          ||    24
Invok: Renounce Religion ||     1
Armor: Leather armour    ||    10
Dodge: Dodged            ||     6

Table legend:
 A = Non-vault XP
 B = Vault XP
 C = Vault XP percentage of total XP
 D = Non-vault monster count
 E = Vault monster count
 F = Vault count percentage of total count
                 A         B        C        D         E       F
            +---------+---------+-------+---------+---------+-------
      Total |      10 |       0 |   0.0 |       6 |       0 |   0.0
            +---------+---------+-------+---------+---------+-------
        D:1 |      10 |       0 |   0.0 |       6 |       0 |   0.0
            +---------+---------+-------+---------+---------+-------
